Map: Deathaura LE

Players

Krystianer - Winner!

  • Race: Protoss Protoss
  • League: Grandmaster
  • Spawn Location: 5:00

Kas

  • Race: Terran Terran
  • Spawn Location: 11:00

Event: DreamHack SC2 Masters 2020 Winter

VOD

Have the link to the VOD?

Description

Time

  • Played on: Oct. 29, 2020, 1:44 p.m.
  • Length: 13:06

All games in this series

Show
View Real Time Build Order
Export as new Build Order

Krystianer Protoss - Winner!

Build Orders: 1 Gate Expand, Blink Stalkers, Colossus Rush 

Get SALT Encoding   

  12  0:00  Probe  
  13  0:12  Probe  
  14  0:17  Pylon  
  14  0:24  Probe (Chrono Boost)  
  16  0:36  Probe (Chrono Boost), Gateway  
  16  0:42  Probe (Chrono Boost)  
  16  0:45  Assimilator  
  17  0:50  Probe  
  18  1:03  Probe  
  19  1:15  Probe  
  20  1:21  Nexus  
  20  1:31  Cybernetics Core  
  20  1:34  Probe  
  20  1:39  Assimilator  
  21  1:46  Probe  
  22  1:49  Pylon  
  22  1:58  Probe  
  23  2:05  Stalker (Chrono Boost)  
  25  2:09  Warp Gate  
  25  2:11  Probe (Chrono Boost)  
  27  2:23  Probe (Chrono Boost)  
  27  2:28  Sentry  
  30  2:30  Probe (Chrono Boost)  
  30  2:32  Probe (Chrono Boost)  
  31  2:37  Twilight Council  
  31  2:42  Probe x2 (Chrono Boost)  
  33  2:47  Probe (Chrono Boost)  
  33  2:49  Probe  
  35  2:54  Stalker  
  37  2:59  Probe  
  37  3:02  Gateway  
  37  3:04  Probe  
  39  3:10  Gateway  
  39  3:12  Gateway  
  39  3:13  Probe (Chrono Boost)  
  39  3:14  Blink (Chrono Boost)  
  41  3:25  Probe x2 (Chrono Boost)  
  42  3:31  Pylon, Assimilator  
  42  3:32  Probe (Chrono Boost)  
  42  3:33  Probe (Chrono Boost)  
  44  3:39  Probe  
  44  3:40  Robotics Facility  
  45  3:44  Probe  
  46  3:51  Probe  
  47  3:56  Probe  
  47  3:58  Nexus  
  48  4:03  Probe  
  48  4:06  Assimilator  
  49  4:12  Probe  
  49  4:13  Pylon  
  49  4:15  Probe  
  51  4:24  Probe  
  51  4:26  Robotics Bay  
  51  4:28  Forge  
  51  4:30  Stalker  
  54  4:32  Probe, Observer  
  54  4:34  Stalker  
  59  4:38  Probe  
  59  4:39  Pylon  
  59  4:42  Stalker  
  59  4:44  Probe  
  62  4:51  Probe  
  62  4:56  Probe  
  61  5:00  Observer  
  61  5:04  Probe (Chrono Boost), Stalker  
  65  5:08  Probe (Chrono Boost)  
  65  5:11  Probe (Chrono Boost)  
  67  5:19  Probe (Chrono Boost), Protoss Ground Weapons Level 1  
  67  5:20  Probe x2 (Chrono Boost)  
  70  5:24  Probe (Chrono Boost), Colossus (Chrono Boost)  
  70  5:25  Probe (Chrono Boost)  
  70  5:27  Probe  
  73  5:32  Charge  
  79  5:38  Probe  
  79  5:40  Pylon  
  80  5:52  Gateway  
  80  5:53  Gateway  
  78  5:57  Stalker x2  
  78  5:59  Stalker  
  78  6:02  Colossus (Chrono Boost)  
  82  6:07  Probe  
  89  6:15  Probe  
  89  6:16  Pylon  
  90  6:19  Gateway  
  90  6:22  Stalker  
  92  6:26  Pylon  
  92  6:27  Pylon  
  92  6:30  Shield Battery  
  92  6:35  Stalker x2  
  92  6:36  Probe x2  
  92  6:39  Probe  
  87  6:48  Probe  
  87  6:49  Probe  
  87  6:53  Probe, Colossus (Chrono Boost)  
  87  6:54  Assimilator  
  87  6:59  Assimilator  
  87  7:00  Probe  
  87  7:01  Probe  
  95  7:05  Probe  
  95  7:08  Robotics Facility  
  96  7:10  Pylon  
  96  7:12  Probe  
  96  7:13  Probe, Gateway  
  96  7:15  Gateway  
  98  7:17  Probe  
  98  7:18  Observer  
  98  7:19  Protoss Ground Weapons Level 2 (Chrono Boost)  
  99  7:23  Sentry, Pylon, Zealot x4  
  108  7:40  Colossus (Chrono Boost)  
  114  7:45  Zealot  
  114  7:46  Extended Thermal Lance (Chrono Boost)  
  114  7:50  Probe x2  
  118  7:52  Nexus  
  118  7:54  Pylon  
  118  7:56  Pylon  
  118  7:59  Pylon  
  118  8:09  Templar Archives, Zealot  
  118  8:10  Zealot x2  
  124  8:13  Pylon  
  124  8:14  Probe, Pylon  
  124  8:15  Pylon  
  124  8:18  Warp Prism (Chrono Boost)  
  133  8:27  Probe x3  
  133  8:30  Colossus (Chrono Boost)  
  136  8:39  Probe  
  136  8:41  Sentry  
  139  8:42  Zealot  
  139  8:43  Zealot x4  
  139  8:44  Pylon  
  139  8:45  Probe  
  146  9:04  High Templar  
  146  9:05  High Templar x3  
  146  9:06  Zealot x4  
  162  9:10  Pylon  
  161  9:21  Probe  
  162  9:27  Archon x2  
  162  9:32  Zealot x2  
  162  9:33  Zealot  
  162  9:34  Zealot  
  169  9:39  Stalker, Zealot x3  
  169  9:43  Probe  
  156  9:48  Probe  
  156  9:49  Probe  
  156  9:50  Probe  
  141  9:54  Protoss Ground Armor Level 1 (Chrono Boost)  
  141  9:55  Probe  
  141  9:59  High Templar x4  
  142  10:00  Zealot x3  
  142  10:01  Probe  
  142  10:02  Colossus (Chrono Boost)  
  142  10:03  Zealot, Colossus (Chrono Boost)  
  142  10:04  Archon x2  
  157  10:11  Pylon  
  157  10:12  Assimilator  
  163  10:15  Assimilator  
  163  10:18  Probe  
  164  10:24  Zealot x3  
  164  10:25  Zealot  
  172  10:33  Stalker x3  
  172  10:34  Stalker  
  180  10:42  Nexus  
  180  10:43  Pylon  
  180  10:46  Zealot x3  
  180  10:47  Zealot  
  188  10:51  Disruptor x2 (Chrono Boost)  
  192  11:06  Stalker x3  
  192  11:08  Stalker  
  200  11:35  Dark Shrine  
  200  11:38  Warp Prism (Chrono Boost)  
  148  12:01  Probe  
  148  12:03  Stalker x8  
  148  12:04  Probe  
  148  12:05  Probe  
  148  12:07  Probe  
  140  12:16  Warp Prism (Chrono Boost)  
  140  12:28  Stalker x8  
  153  12:34  Disruptor (Chrono Boost)  
  147  12:55  Zealot  
  147  12:56  Zealot x6  
Show
View Real Time Build Order
Export as new Build Order

Kas Terran 

Build Orders: Liberator Opening 

Get SALT Encoding   

  12  0:00  SCV  
  13  0:12  SCV  
  14  0:17  Supply Depot  
  14  0:24  SCV  
  15  0:38  SCV  
  15  0:40  Barracks  
  16  0:43  Refinery  
  16  0:50  SCV  
  17  1:02  SCV  
  18  1:14  SCV  
  19  1:27  Orbital Command, Marine  
  20  1:47  Command Center  
  20  1:48  Barracks Reactor  
  20  1:52  Supply Depot  
  20  1:53  SCV  
  21  2:04  Factory  
  21  2:06  SCV  
  22  2:13  Refinery  
  22  2:19  SCV, Bunker  
  23  2:24  Marine x2  
  25  2:31  SCV  
  26  2:41  Marine  
  26  2:42  Marine  
  26  2:43  SCV  
  29  2:49  Starport  
  29  2:50  Widow Mine  
  31  2:58  SCV  
  31  3:02  Orbital Command  
  32  3:08  Marine x2  
  32  3:10  SCV  
  35  3:14  Widow Mine  
  35  3:18  Supply Depot  
  37  3:23  SCV  
  37  3:26  Marine x2  
  40  3:28  SCV  
  40  3:33  Medivac  
  43  3:36  SCV  
  43  3:37  Factory Tech Lab  
  43  3:41  SCV  
  45  3:44  Marine x2  
  45  3:47  Supply Depot  
  47  3:48  SCV  
  47  3:53  SCV  
  49  3:58  Siege Tank  
  49  4:00  SCV  
  53  4:05  SCV  
  53  4:08  Liberator  
  57  4:11  Supply Depot  
  57  4:13  SCV, Marine x2  
  60  4:17  Supply Depot  
  60  4:19  SCV  
  61  4:25  SCV  
  62  4:32  SCV, Marine, Siege Tank  
  62  4:34  Marine  
  62  4:36  Supply Depot  
  62  4:37  SCV  
  69  4:44  SCV  
  70  4:49  SCV  
  69  4:56  SCV  
  69  4:57  Marine x2  
  69  4:58  Liberator  
  73  5:01  SCV  
  74  5:07  Command Center  
  74  5:08  SCV  
  74  5:13  SCV, Barracks x2  
  76  5:17  Marine x2  
  78  5:28  SCV  
  77  5:30  Supply Depot, Refinery  
  77  5:31  Engineering Bay, Refinery  
  77  5:32  SCV, Engineering Bay  
  78  5:35  Marine  
  78  5:38  Marine, Siege Tank  
  78  5:40  SCV  
  82  5:55  Marine x2  
  82  5:56  SCV  
  83  5:57  Starport Reactor  
  83  5:59  Supply Depot x2  
  83  6:04  SCV  
  83  6:08  Barracks Tech Lab x2  
  81  6:13  SCV, Barracks  
  81  6:15  Barracks  
  82  6:20  Orbital Command  
  82  6:21  SCV  
  82  6:24  Marine x2  
  82  6:25  Siege Tank  
  88  6:28  Stimpack  
  88  6:37  Combat Shield, Terran Infantry Weapons Level 1, Terran Infantry Armor Level 1  
  88  6:44  Orbital Command  
  75  6:47  SCV  
  75  6:49  SCV, Marauder x2, Marine x2  
  74  6:55  Medivac  
  74  6:59  SCV  
  74  7:01  SCV  
  78  7:03  Siege Tank  
  78  7:08  Missile Turret  
  81  7:10  Supply Depot x2  
  81  7:11  SCV  
  81  7:12  SCV, Barracks Reactor, Barracks Tech Lab  
  81  7:13  SCV, Marine x2  
  81  7:14  Marauder  
  89  7:16  Refinery  
  89  7:18  Refinery  
  89  7:19  Marauder  
  90  7:23  SCV, Supply Depot  
  90  7:24  SCV  
  92  7:31  Medivac, Missile Turret  
  92  7:33  Medivac  
  92  7:34  SCV  
  92  7:35  Missile Turret  
  92  7:36  SCV x2, Marine  
  92  7:37  Marine  
  100  7:38  Marauder x2  
  105  7:46  Siege Tank  
  105  7:47  SCV  
  105  7:48  SCV, Marine  
  105  7:49  Marine  
  105  7:50  Marauder  
  113  7:59  Marauder x2  
  113  8:02  Medivac, Marine x2  
  121  8:09  SCV  
  121  8:11  Command Center  
  121  8:12  Marauder  
  124  8:16  Armory  
  124  8:21  Marauder x2, Marine x3, Siege Tank  
  124  8:22  Marine  
  124  8:24  SCV  
  136  8:33  Marauder  
  138  8:34  Medivac x2  
  138  8:39  Marine x2  
  138  8:40  Supply Depot  
  144  8:41  Supply Depot  
  144  8:42  Marauder x2  
  144  8:43  SCV  
  144  8:44  Supply Depot, Ghost Academy  
  149  8:50  Concussive Shells  
  149  9:00  Supply Depot x2  
  149  9:02  SCV, Marauder, Marine x2  
  154  9:05  Marauder x2, Marine x2  
  154  9:07  Siege Tank  
  163  9:16  Terran Infantry Weapons Level 2  
  163  9:17  Terran Infantry Armor Level 2  
  163  9:24  Supply Depot  
  163  9:30  Barracks  
  162  9:31  Barracks  
  162  9:32  Barracks  
  160  9:45  Marauder x2, Marine  
  140  9:47  Marauder, Marine x2  
  140  9:51  Marine  
  126  9:52  Siege Tank  
  126  9:55  SCV  
  126  9:56  SCV, Planetary Fortress  
  126  9:57  SCV  
  118  10:03  Marine  
  118  10:05  Marine, Sensor Tower  
  124  10:07  Viking, Marauder x2  
  124  10:08  SCV x2  
  124  10:09  Marauder  
  124  10:10  SCV  
  124  10:11  Viking  
  133  10:15  Terran Ship Weapons Level 1  
  133  10:16  Marine x2  
  133  10:18  Barracks Tech Lab x2  
  133  10:20  SCV, Barracks Reactor  
  136  10:24  Starport  
  136  10:26  Marine x2  
  136  10:27  Ghost  
  140  10:30  Refinery  
  140  10:31  Refinery, Marauder  
  140  10:35  Siege Tank  
  145  10:37  Marauder x2, Marine  
  150  10:43  SCV x2  
  152  10:51  Ghost x2  
  152  10:53  Viking  
  158  10:57  Viking  
  160  11:05  Starport Reactor  
  160  11:10  Marauder x3, Marine  
  166  11:12  Marine x2  
  168  11:19  Ghost  
  168  11:23  Viking  
  172  11:27  Viking  
  172  11:28  Marauder  
  172  11:29  Siege Tank  
  172  11:31  Marauder  
  172  11:32  Command Center  
  175  11:37  Bunker  
  175  11:43  Viking  
  175  11:44  Viking  
  179  11:52  Viking  
  155  11:57  Marauder x2, Marine x2  
  155  11:59  Marauder x2, Marine x3  
  122  12:04  Marauder, Marine  
  122  12:05  Viking  
  122  12:06  Orbital Command, Siege Tank  
  120  12:13  Viking  
  120  12:15  Marine x2  
  106  12:17  Marine x3  
  106  12:19  Marauder x2  
  106  12:21  Marauder x2  
  106  12:22  Marine  
  118  12:24  Viking x2  
  118  12:26  Marauder  
  125  12:30  SCV x2  
  125  12:31  SCV  
  125  12:33  SCV, Marine x2  
  130  12:40  Marauder x2, Marine x3  
  130  12:41  Marine  
  130  12:42  SCV  
Tags
 
Add a new tag
Caveats
  • Supply blocks, unpowered buildings, or Contaminate may cause inaccurate times.
  • Supply counts are checked every 10 seconds.